 Dungeon Crawl Stone Soup version 0.20.1-1-g8b1a95d66d (webtiles) character file.

915 MondaySad the Cleaver (level 8, -3/64 HPs)
             Began as a Hill Orc Monk on Dec 15, 2017.
             Was a Believer of Beogh.
             Slain by an orc warrior
             ... wielding a +0 glaive
              (22 damage)
             ... on level 6 of the Dungeon.
             The game lasted 00:06:47 (6205 turns).

MondaySad the Cleaver (Hill Orc Monk)               Turns: 6205, Time: 00:06:48

Health: -3/64      AC:  8    Str: 16    XL:     8   Next: 9%
Magic:  5/8        EV:  7    Int: 10    God:    Beogh [**....]
Gold:   253        SH:  0    Dex: 13    Spells: 7/7 levels left

rFire    . . .     SeeInvis +   a - +0 hand axe
rCold    . . .     Gourm    .   (no shield)
rNeg     + . .     Faith    .   l - +0 chain mail
rPois    .         Spirit   .   (no helmet)
rElec    .         Reflect  .   (no cloak)
rCorr    .         Harm     .   (no gloves)
MR       .....                  (no boots)
Stlth    ..........             (no amulet)
Regen    0.2/turn               x - ring of positive energy
MPRegen  0.2/turn               y - ring of see invisible

@: no status effects
A: no striking features
a: Smiting, Renounce Religion


You were on level 6 of the Dungeon.
You worshipped Beogh.
Beogh was pleased with you.
You were not hungry.

You visited 1 branch of the dungeon, and saw 6 of its levels.

You collected 253 gold pieces.

Inventory:

Hand Weapons
 a - a +0 hand axe (weapon)
Armour
 l - a +0 chain mail (worn)
 u - a +0 scale mail
Jewellery
 x - a ring of positive energy (left hand)
 y - a ring of see invisible (right hand)
Wands
 o - a wand of polymorph (4/24)
Scrolls
 b - 3 scrolls of teleportation {unknown}
 d - a scroll of random uselessness {unknown}
 f - 2 scrolls of fear {unknown}
 i - 3 scrolls of remove curse {unknown}
 k - 4 scrolls of identify {unknown}
 m - 3 scrolls of blinking {unknown}
 q - 3 scrolls of enchant armour {unknown}
 t - a scroll of amnesia {unknown}
 w - a scroll of immolation {unknown}
 D - a scroll of recharging {unknown}
Potions
 e - a potion of degeneration {unknown}
 g - 2 potions of lignification {unknown}
 h - 5 potions of brilliance {unknown}
 n - 2 potions of heal wounds {unknown}
 p - 3 potions of might {unknown}
 r - 2 potions of berserk rage {unknown}
 v - a potion of curing {unknown}
 z - a potion of haste {unknown}
 A - 2 potions of mutation {unknown}
 C - a potion of invisibility {unknown}
Comestibles
 c - 2 bread rations
 j - 3 meat rations
 s - 9 fruits
 B - 2 royal jellies


   Skills:
 - Level 3.6 Fighting
 + Level 12.0 Axes
 - Level 2.4 Dodging
 - Level 1.5 Stealth


You had 7 spell levels left.
You didn't know any spells.

Dungeon Overview and Level Annotations

Branches:
Dungeon (6/15)
 Temple: D:4-7

Altars:
Fedhas
Makhleb
Okawaru
Sif Muna
Trog
Yredelemnul


Message History

You closely miss the orc wizard.
The orc wizard is almost dead.
The orc wizard mumbles some strange words.
The orc wizard blinks!
Aiming: Smiting
Press: ? - help, Dir - move target cursor, f - big kobold Smite: a big kobold (translocational energy)
You smite the big kobold!
The big kobold is moderately wounded.
The orc warrior hits you from afar with a glaive!
* * * LOW HITPOINT WARNING * * *
The orc wizard casts a spell.
The orc wizard blinks!
The big kobold hits you but does no damage.
You miss the big kobold.
The big kobold is moderately wounded.
The big kobold barely misses you.
The orc warrior hits you from afar with a glaive!!
You die...
Beogh appreciates the orc warrior's killing of a heretic priest.

# ###### # #....# # #....#
# # #....# #
#.##....##################
........'........).....[..
..##...K###############.##
......KKK@...# #+#
..##...o####+###
#....(K.K...#
#.....o$....#
#.......!...#
##########..# .# #


You could see an orc warrior, a big kobold and 3 kobolds.

Vanquished Creatures
  A water moccasin (D:5)
  2 ice beasts (D:5)
  A bullfrog (D:4)
  A scorpion (D:4)
  A crimson imp (D:5)
  An orc priest (D:5)
  2 hounds
  2 iguanas
  2 orc wizards
  3 worker ants
  A hound zombie (D:5)
  Robin (D:4)
  6 adders
  3 oozes
  An adder zombie (D:5)
  5 worms
  3 dart slugs
  12 orcs
  4 giant cockroaches
  14 goblins
  10 hobgoblins
  5 jackals
  7 bats
  11 frilled lizards
  10 kobolds
  A leopard gecko skeleton (D:6)
  A quokka skeleton (D:4)
  9 rats
120 creatures vanquished.

Notes
Turn   | Place    | Note
-------+----------+-------------------------------------------
     0 | D:1      | MondaySad the Hill Orc Monk began the quest for the Orb.
     0 | D:1      | Reached XP level 1. HP: 19/19 MP: 1/1
   197 | D:1      | Reached XP level 2. HP: 26/26 MP: 2/2
   361 | D:1      | Reached skill level 5 in Axes
   560 | D:1      | Reached XP level 3. HP: 29/31 MP: 3/3
  1109 | D:2      | Reached skill level 6 in Axes
  1205 | D:2      | Reached XP level 4. HP: 39/39 MP: 4/4
  1244 | D:2      | Found a basalt altar of Yredelemnul.
  1751 | D:2      | Reached skill level 7 in Axes
  1951 | D:3      | Found a faded altar of an unknown god.
  1985 | D:3      | Reached XP level 5. HP: 42/45 MP: 5/5
  2120 | D:3      | Found a bloodstained altar of Trog.
  2670 | D:3      | Found a deep blue altar of Sif Muna.
  2717 | D:3      | Found a blossoming altar of Fedhas.
  2783 | D:4      | Reached skill level 8 in Axes
  2783 | D:4      | Reached XP level 6. HP: 24/51 MP: 6/6
  2888 | D:4      | Found a burning altar of Makhleb.
  3071 | D:4      | Reached skill level 9 in Axes
  3484 | D:4      | Found a basalt altar of Yredelemnul.
  3634 | D:4      | Noticed Robin
  3638 | D:4      | Killed Robin
  4291 | D:4      | Became a worshipper of Beogh the Brigand
  4291 | D:4      | Reached * piety under Beogh
  4291 | D:4      | Reached ** piety under Beogh
  4507 | D:5      | Entered Level 5 of the Dungeon
  4608 | D:5      | Noticed a water moccasin
  4626 | D:5      | Killed a water moccasin
  4626 | D:5      | Reached skill level 10 in Axes
  4626 | D:5      | Reached XP level 7. HP: 38/57 MP: 7/7
  5284 | D:5      | Reached skill level 11 in Axes
  5513 | D:5      | Found an iron altar of Okawaru.
  5830 | D:5      | Reached XP level 8. HP: 59/64 MP: 8/8
  6128 | D:6      | Reached skill level 12 in Axes
  6205 | D:6      | Slain by an orc warrior

Skill      XL: |  1  2  3  4  5  6  7  8 |
---------------+-------------------------+-----
Axes           | 5 6 7 8 10 11 12 | 12.0
Fighting       | |  3.6
Dodging        | |  2.4
Stealth        | |  1.5

Action                   |  1- 3 |  4- 6 |  7- 9 || total
-------------------------+-------+-------+-------++-------
Melee: Hand axe          |   105 |   321 |   187 ||   613
       Unarmed           |       |     3 |       ||     3
Invok: Convert to Beogh  |       |     1 |       ||     1
       Smiting           |       |       |     2 ||     2
 Stab: Sleeping          |     2 |       |       ||     2
  Eat: Chunk             |     1 |     4 |     3 ||     8
       Bread ration      |       |     2 |       ||     2
Armor: Robe              |     6 |       |       ||     6
       Chain mail        |    76 |   158 |    85 ||   319
Dodge: Dodged            |    40 |    78 |    38 ||   156
